[ AOE2 MATCH · #505644729 ]
UnrankedGoths vs Turks
Player's team · WIN
Rival team · LOSS
[ REPLAY ANALYSIS · EXTRACTED FROM THE RECORDED GAME ]
Feudal
9:18
Castle
20:11
Imperial
—
| APM avg | 65.5 |
| APM peak | 88 |
| eAPM avg | 32.9 |
| Villagers / military | 126 / 139 |
Focus
⚔️ 36.6% · 🌾 63.4%
Spearman ×54 · Skirmisher ×51 · Battering Ram ×20 · Cavalry Archer ×7 · Militia ×6 · Monk ×1
Feudal
8:58
Castle
23:03
Imperial
—
| APM avg | 50.4 |
| APM peak | 84 |
| eAPM avg | 21.8 |
| Villagers / military | 75 / 52 |
Focus
⚔️ 42.9% · 🌾 57.1%
Archer ×19 · Janissary ×19 · Scout Cavalry ×7 · Cavalry Archer ×4 · Mangonel ×3
Match map
Initial resources + every placement click. Lines = walls · curves = elevation contours. ◆ gold · ⬟ stone · ● berries · ✦ relic · ◌ wall gap
Your base· ✓ Closed at 20:11 · 20t walls · 1 gate(s)
DS_Alec's base· Open — 7t gap
Smoothed initial terrain · ◌ = detected wall gap · hover for details
Inputs per minute
— m0re - - DS_Alec
Build order — m0re
First 150 of 376 actions detected
| 0:00 | Create | Villager (Male) |
| 0:00 | Create | Villager (Male) |
| 0:01 | Create | Villager (Male) |
| 0:01 | Build | House |
| 0:02 | Build | House |
| 0:10 | Create | Villager (Male) |
| 1:22 | Create | Villager (Male) |
| 1:47 | Build | Lumber Camp |
| 1:55 | Create | Villager (Male) |
| 1:55 | Create | Villager (Male) |
| 2:21 | Create | Villager (Male) |
| 2:40 | Research | Loom |
| 2:44 | Create | Villager (Male) |
| 2:44 | Create | Villager (Male) |
| 3:07 | Build | House |
| 3:08 | Build | House |
| 3:17 | Create | Villager (Male) |
| 3:42 | Create | Villager (Male) |
| 3:43 | Create | Villager (Male) |
| 4:13 | Create | Villager (Male) |
| 4:13 | Create | Villager (Male) |
| 4:14 | Create | Villager (Male) |
| 4:14 | Create | Villager (Male) |
| 4:56 | Create | Villager (Male) |
| 4:57 | Create | Villager (Male) |
| 5:36 | Build | Barracks |
| 5:57 | Create | Villager (Male) |
| 5:59 | Create | Villager (Male) |
| 5:59 | Create | Villager (Male) |
| 6:26 | Build | Mining Camp |
| 7:02 | Research | Feudal Age |
| 7:02 | Research | Feudal Age |
| 7:23 | Create | Militia |
| 7:23 | Create | Militia |
| 7:32 | Build | Mill |
| 7:40 | Create | Militia |
| 7:41 | Create | Militia |
| 7:54 | Create | Militia |
| 7:58 | Build | House |
| 8:10 | Build | Palisade Wall |
| 8:35 | Create | Villager (Male) |
| 8:48 | Build | House |
| 9:18 | Age | Feudal Age |
| 9:20 | Research | Man-at-Arms (upgrade) |
| 9:23 | Research | Double-Bit Axe |
| 9:30 | Create | Villager (Male) |
| 9:35 | Build | Farm |
| 10:04 | Create | Villager (Male) |
| 10:11 | Create | Villager (Male) |
| 10:13 | Build | Archery Range |
| 10:16 | Build | Archery Range |
| 10:30 | Build | Farm |
| 10:31 | Create | Villager (Male) |
| 10:35 | Build | House |
| 10:38 | Build | Palisade Wall |
| 10:44 | Create | Spearman |
| 10:54 | Create | Villager (Male) |
| 11:01 | Build | Farm |
| 11:06 | Build | House |
| 11:24 | Create | Skirmisher |
| 11:24 | Create | Skirmisher |
| 11:26 | Create | Villager (Male) |
| 11:37 | Create | Villager (Male) |
| 11:40 | Build | Farm |
| 11:51 | Build | Palisade Gate |
| 12:06 | Create | Skirmisher |
| 12:14 | Create | Villager (Male) |
| 12:18 | Build | Palisade Wall |
| 12:20 | Create | Villager (Male) |
| 12:23 | Build | Farm |
| 12:25 | Create | Skirmisher |
| 12:26 | Create | Skirmisher |
| 12:48 | Build | Farm |
| 13:06 | Create | Villager (Male) |
| 13:09 | Build | Farm |
| 13:10 | Build | Farm |
| 13:22 | Create | Militia |
| 13:31 | Create | Skirmisher |
| 13:41 | Create | Villager (Male) |
| 13:56 | Create | Villager (Male) |
| 14:09 | Create | Skirmisher |
| 14:16 | Build | Blacksmith |
| 14:28 | Create | Villager (Male) |
| 14:33 | Build | House |
| 14:34 | Build | House |
| 14:36 | Build | House |
| 14:54 | Build | Farm |
| 14:59 | Build | Farm |
| 15:12 | Create | Villager (Male) |
| 15:14 | Build | Farm |
| 15:16 | Build | Farm |
| 15:35 | Create | Villager (Male) |
| 15:36 | Build | Farm |
| 15:47 | Build | House |
| 15:47 | Research | Fletching |
| 15:48 | Research | Fletching |
| 15:49 | Create | Villager (Male) |
| 15:54 | Create | Spearman |
| 15:55 | Create | Skirmisher |
| 16:28 | Create | Villager (Male) |
| 16:37 | Build | Farm |
| 16:38 | Build | Farm |
| 16:40 | Build | Farm |
| 16:41 | Build | Farm |
| 16:46 | Create | Villager (Male) |
| 16:56 | Build | House |
| 16:57 | Build | House |
| 17:08 | Build | Archery Range |
| 17:30 | Build | Lumber Camp |
| 17:31 | Research | Castle Age |
| 17:53 | Research | Padded Archer Armor |
| 17:53 | Research | Padded Archer Armor |
| 18:06 | Build | Lumber Camp |
| 18:10 | Create | Skirmisher |
| 18:10 | Create | Skirmisher |
| 18:15 | Create | Skirmisher |
| 18:15 | Create | Skirmisher |
| 18:28 | Research | Horse Collar |
| 18:37 | Create | Skirmisher |
| 18:37 | Create | Skirmisher |
| 19:05 | Create | Skirmisher |
| 19:06 | Create | Skirmisher |
| 19:13 | Build | Lumber Camp |
| 19:15 | Build | Farm |
| 19:18 | Create | Skirmisher |
| 19:18 | Create | Skirmisher |
| 19:24 | Create | Spearman |
| 19:32 | Create | Skirmisher |
| 19:32 | Create | Skirmisher |
| 19:35 | Build | Farm |
| 19:44 | Create | Spearman |
| 20:11 | Age | Castle Age |
| 20:18 | Create | Spearman |
| 20:20 | Create | Villager (Male) |
| 20:24 | Research | Elite Skirmisher (upgrade) |
| 20:25 | Research | Bow Saw |
| 20:25 | Research | Bow Saw |
| 20:32 | Create | Villager (Male) |
| 20:36 | Create | Skirmisher |
| 20:41 | Research | Heavy Plow |
| 20:56 | Create | Skirmisher |
| 20:56 | Create | Skirmisher |
| 20:56 | Create | Villager (Male) |
| 20:58 | Create | Spearman |
| 21:21 | Research | Bodkin Arrow |
| 21:21 | Research | Bodkin Arrow |
| 21:36 | Build | Town Center |
| 21:39 | Create | Villager (Male) |
| 21:51 | Create | Villager (Male) |
| 21:52 | Build | Farm |
Build order — DS_Alec
First 150 of 233 actions detected
| 0:00 | Create | Villager (Male) |
| 0:00 | Create | Villager (Male) |
| 0:00 | Create | Villager (Male) |
| 0:02 | Build | House |
| 0:03 | Build | House |
| 0:08 | Create | Villager (Male) |
| 0:09 | Create | Villager (Male) |
| 1:25 | Create | Villager (Male) |
| 1:26 | Create | Villager (Male) |
| 1:26 | Create | Villager (Male) |
| 2:00 | Create | Villager (Male) |
| 2:01 | Create | Villager (Male) |
| 2:11 | Create | Villager (Male) |
| 2:12 | Create | Villager (Male) |
| 2:12 | Create | Villager (Male) |
| 2:32 | Create | Villager (Male) |
| 2:32 | Create | Villager (Male) |
| 2:42 | Build | Lumber Camp |
| 2:51 | Create | Villager (Male) |
| 2:52 | Create | Villager (Male) |
| 3:27 | Build | House |
| 3:34 | Create | Villager (Male) |
| 3:35 | Create | Villager (Male) |
| 3:35 | Create | Villager (Male) |
| 3:58 | Create | Villager (Male) |
| 4:08 | Create | Villager (Male) |
| 4:15 | Create | Villager (Male) |
| 5:16 | Create | Villager (Male) |
| 5:26 | Create | Villager (Male) |
| 5:45 | Build | Mining Camp |
| 6:11 | Research | Loom |
| 6:48 | Research | Feudal Age |
| 7:18 | Build | House |
| 7:40 | Create | Villager (Male) |
| 7:50 | Build | Barracks |
| 7:52 | Build | Palisade Wall |
| 7:52 | Build | Palisade Wall |
| 7:53 | Build | Palisade Wall |
| 7:53 | Build | Palisade Wall |
| 7:54 | Build | Palisade Wall |
| 7:56 | Build | Palisade Wall |
| 8:02 | Build | Palisade Wall |
| 8:04 | Build | Palisade Wall |
| 8:05 | Build | Palisade Wall |
| 8:48 | Build | Palisade Wall |
| 8:50 | Build | Palisade Wall |
| 8:52 | Build | Palisade Wall |
| 8:54 | Build | Palisade Wall |
| 8:58 | Age | Feudal Age |
| 8:59 | Build | Palisade Wall |
| 9:00 | Build | Palisade Wall |
| 9:00 | Create | Villager (Male) |
| 9:01 | Research | Double-Bit Axe |
| 9:03 | Build | Palisade Wall |
| 9:10 | Create | Villager (Male) |
| 9:13 | Build | Archery Range |
| 9:32 | Build | Archery Range |
| 9:41 | Create | Villager (Male) |
| 10:08 | Create | Archer |
| 10:09 | Build | House |
| 10:13 | Create | Villager (Male) |
| 10:22 | Build | Blacksmith |
| 10:32 | Build | House |
| 10:34 | Create | Archer |
| 10:39 | Create | Villager (Male) |
| 10:57 | Build | House |
| 11:05 | Create | Villager (Male) |
| 11:12 | Research | Fletching |
| 11:15 | Build | House |
| 11:19 | Create | Archer |
| 11:29 | Build | House |
| 11:30 | Build | Palisade Wall |
| 11:32 | Create | Villager (Male) |
| 11:37 | Build | Mill |
| 11:44 | Build | Palisade Wall |
| 11:47 | Build | Palisade Wall |
| 12:15 | Create | Archer |
| 12:17 | Create | Villager (Male) |
| 12:17 | Create | Villager (Male) |
| 12:25 | Create | Archer |
| 12:29 | Build | Farm |
| 12:39 | Create | Villager (Male) |
| 12:51 | Create | Villager (Male) |
| 13:02 | Build | Farm |
| 13:04 | Build | Farm |
| 13:15 | Create | Archer |
| 13:16 | Create | Villager (Male) |
| 13:18 | Build | Farm |
| 13:36 | Create | Villager (Male) |
| 13:47 | Build | House |
| 13:55 | Create | Archer |
| 13:58 | Build | Farm |
| 14:16 | Create | Archer |
| 14:22 | Build | Farm |
| 14:32 | Create | Archer |
| 14:35 | Create | Villager (Male) |
| 14:55 | Build | Farm |
| 14:55 | Build | Farm |
| 14:59 | Create | Villager (Male) |
| 15:04 | Build | Lumber Camp |
| 15:11 | Create | Villager (Male) |
| 15:14 | Build | Lumber Camp |
| 15:26 | Create | Archer |
| 15:45 | Build | House |
| 15:46 | Build | House |
| 15:49 | Build | Palisade Wall |
| 15:52 | Build | Palisade Wall |
| 16:11 | Create | Archer |
| 16:11 | Create | Villager (Male) |
| 16:13 | Create | Villager (Male) |
| 16:35 | Build | Stable |
| 16:44 | Create | Archer |
| 16:46 | Create | Villager (Male) |
| 17:03 | Build | Farm |
| 17:16 | Build | Farm |
| 17:18 | Create | Villager (Male) |
| 17:18 | Create | Archer |
| 17:28 | Build | Farm |
| 17:31 | Build | Farm |
| 17:34 | Build | Farm |
| 17:35 | Create | Scout Cavalry |
| 17:35 | Create | Scout Cavalry |
| 17:47 | Create | Villager (Male) |
| 18:02 | Build | Farm |
| 18:03 | Build | Farm |
| 18:05 | Create | Archer |
| 18:09 | Create | Villager (Male) |
| 18:30 | Create | Archer |
| 19:03 | Create | Archer |
| 19:04 | Create | Scout Cavalry |
| 19:08 | Create | Villager (Male) |
| 19:08 | Create | Villager (Male) |
| 19:24 | Create | Villager (Male) |
| 19:34 | Build | Market |
| 19:35 | Build | House |
| 19:48 | Build | Mining Camp |
| 20:21 | Research | Castle Age |
| 20:26 | Create | Archer |
| 20:31 | Create | Scout Cavalry |
| 20:56 | Create | Scout Cavalry |
| 20:56 | Create | Archer |
| 21:12 | Research | Padded Archer Armor |
| 21:26 | Build | Watch Tower |
| 21:39 | Build | House |
| 21:40 | Build | House |
| 22:02 | Build | Farm |
| 22:06 | Create | Archer |
| 22:20 | Build | House |
| 23:03 | Age | Castle Age |
| 23:06 | Create | Villager (Male) |
Match timeline
| 5:36 | m0re · first_building Barracks |
| 7:50 | DS_Alec · first_building Barracks |
| 7:52 | DS_Alec · wall_segment Palisade Wall x1 |
| 7:52 | DS_Alec · wall_segment Palisade Wall x1 |
| 7:53 | DS_Alec · wall_segment Palisade Wall x1 |
| 7:53 | DS_Alec · wall_segment Palisade Wall x1 |
| 7:54 | DS_Alec · wall_segment Palisade Wall x1 |
| 7:56 | DS_Alec · wall_segment Palisade Wall x1 |
| 8:02 | DS_Alec · wall_segment Palisade Wall x1 |
| 8:04 | DS_Alec · wall_segment Palisade Wall x1 |
| 8:05 | DS_Alec · wall_segment Palisade Wall x1 |
| 8:10 | m0re · wall_segment Palisade Wall x9 |
| 8:48 | DS_Alec · wall_segment Palisade Wall x1 |
| 8:50 | DS_Alec · wall_segment Palisade Wall x1 |
| 8:52 | DS_Alec · wall_segment Palisade Wall x1 |
| 8:54 | DS_Alec · wall_segment Palisade Wall x1 |
| 8:58 | DS_Alec · age_up feudal |
| 8:59 | DS_Alec · wall_segment Palisade Wall x1 |
| 9:00 | DS_Alec · wall_segment Palisade Wall x1 |
| 9:03 | DS_Alec · wall_segment Palisade Wall x1 |
| 9:13 | DS_Alec · first_building Archery Range |
| 9:18 | m0re · age_up feudal |
| 10:13 | m0re · first_building Archery Range |
| 10:38 | m0re · wall_segment Palisade Wall x3 |
| 11:30 | DS_Alec · wall_segment Palisade Wall x1 |
| 11:44 | DS_Alec · wall_segment Palisade Wall x1 |
| 11:47 | DS_Alec · wall_segment Palisade Wall x1 |
| 12:18 | m0re · wall_segment Palisade Wall x8 |
| 15:49 | DS_Alec · wall_segment Palisade Wall x3 |
| 15:52 | DS_Alec · wall_segment Palisade Wall x5 |
| 16:35 | DS_Alec · first_building Stable |
| 20:11 | m0re · age_up castle |
| 23:03 | DS_Alec · age_up castle |
| 24:13 | DS_Alec · first_building Castle |
| 25:40 | DS_Alec · wall_segment Stone Wall x9 |
| 26:16 | m0re · first_building Monastery |
| 26:30 | DS_Alec · wall_segment Stone Wall x9 |
| 27:22 | m0re · first_building Siege Workshop |
| 27:47 | DS_Alec · first_building Siege Workshop |
| 32:48 | DS_Alec · resign |
[ AI ANALYSIS · 1 CREDIT ]
What really happened in this match?
Wolo.gg analyzes every decision: build order, eco, micro, common mistakes by bracket. Personalized analysis on WhatsApp or Discord in 30 seconds.
Civ guide
Goths
Perfil
Jugador #279036